Map: [EWC] Amphion

Players

herO - Winner!

  • Race: Protoss Protoss
  • Spawn Location: 11:00

Cure

  • Race: Terran Terran
  • Spawn Location: 7:00

Event: Esports World Cup 2024

VOD

Have the link to the VOD?

Description

Time

  • Played on: Aug. 17, 2024, 1:34 p.m.
  • Length: 17:22

All games in this series

Show
View Real Time Build Order
Export as new Build Order

herO Protoss - Winner!

Build Orders: 1 Gate Expand, Oracle Opening 

Get SALT Encoding   

  12  0:00  Probe  
  13  0:12  Probe  
  14  0:18  Pylon  
  14  0:24  Probe (Chrono Boost)  
  15  0:37  Gateway, Probe (Chrono Boost)  
  16  0:44  Probe (Chrono Boost)  
  16  0:48  Assimilator  
  17  0:51  Probe  
  18  1:03  Probe  
  19  1:15  Probe  
  20  1:25  Cybernetics Core  
  20  1:37  Nexus  
  20  1:44  Pylon  
  20  1:45  Probe  
  21  1:51  Assimilator  
  21  1:57  Probe  
  21  1:59  Adept (Chrono Boost)  
  24  2:10  Probe  
  25  2:21  Adept (Chrono Boost)  
  25  2:22  Probe  
  28  2:28  Stargate  
  28  2:33  Warp Gate  
  28  2:34  Probe  
  29  2:42  Adept (Chrono Boost)  
  31  2:48  Probe  
  31  2:49  Probe  
  33  2:58  Pylon  
  33  3:01  Probe (Chrono Boost)  
  35  3:06  Probe (Chrono Boost)  
  35  3:09  Oracle (Chrono Boost)  
  35  3:10  Probe (Chrono Boost)  
  39  3:14  Probe (Chrono Boost)  
  39  3:15  Probe (Chrono Boost)  
  41  3:26  Probe  
  42  3:27  Probe  
  42  3:28  Gateway  
  42  3:32  Gateway  
  43  3:38  Probe  
  43  3:39  Probe  
  45  3:42  Oracle (Chrono Boost)  
  48  3:50  Probe  
  48  3:51  Probe  
  50  3:56  Pylon  
  50  4:01  Pylon  
  50  4:02  Probe  
  51  4:03  Probe  
  52  4:11  Shield Battery  
  52  4:12  Oracle  
  55  4:20  Probe x2  
  55  4:28  Stalker x2  
  59  4:31  Stalker  
  59  4:32  Gateway  
  59  4:36  Assimilator x2  
  59  4:37  Probe x2  
  63  4:42  Pylon  
  63  4:51  Probe x2  
  65  4:56  Stalker x2  
  65  4:57  Stalker  
  70  5:03  Probe x2  
  68  5:15  Probe x2  
  70  5:26  Forge, Twilight Council  
  70  5:29  Adept x3  
  70  5:30  Adept  
  70  5:35  Pylon  
  78  5:48  Blink (Chrono Boost)  
  78  5:49  Protoss Ground Weapons Level 1 (Chrono Boost)  
  70  5:58  Nexus  
  70  6:00  Shield Battery  
  70  6:02  Probe x2  
  72  6:12  Shield Battery  
  72  6:13  Sentry  
  72  6:14  Sentry, Probe x2  
  72  6:16  Gateway, Pylon  
  78  6:21  Shield Battery  
  78  6:23  Sentry, Pylon  
  80  6:26  Probe  
  80  6:29  Stalker  
  83  6:33  Probe  
  83  6:37  Stalker  
  83  6:38  Probe  
  87  6:41  Gateway  
  87  6:45  Probe  
  88  6:50  Probe  
  88  6:51  Stalker x2  
  93  6:54  Robotics Facility  
  93  6:58  Shield Battery  
  93  7:03  Probe  
  93  7:06  Probe  
  95  7:10  Stalker  
  95  7:11  Probe  
  95  7:12  Pylon  
  98  7:21  Stalker x3  
  104  7:24  Charge  
  104  7:25  Probe  
  104  7:27  Assimilator, Probe x2  
  107  7:36  Pylon  
  107  7:37  Pylon  
  107  7:42  Observer  
  107  7:43  Protoss Ground Weapons Level 2  
  108  7:48  Stalker x2  
  108  7:49  Probe  
  113  7:59  Stalker x3  
  113  8:02  Pylon  
  119  8:06  Nexus  
  119  8:09  Pylon  
  119  8:11  Shield Battery  
  119  8:22  Stalker x5  
  129  8:32  Robotics Bay, Probe x3  
  132  8:34  Gateway  
  132  8:35  Gateway  
  132  8:50  Zealot x5  
  139  9:03  Probe  
  139  9:04  Probe x2  
  139  9:06  Photon Cannon  
  139  9:08  Pylon  
  142  9:11  Observer  
  142  9:13  Zealot x3  
  142  9:16  Gateway  
  149  9:17  Gateway  
  149  9:19  Robotics Facility  
  149  9:23  Extended Thermal Lance  
  149  9:30  Colossus (Chrono Boost)  
  149  9:37  Stalker x3  
  149  9:38  Stalker  
  157  9:54  Stalker x3  
  161  10:00  Zealot  
  159  10:20  Pylon  
  159  10:21  Pylon  
  159  10:25  Photon Cannon x2  
  159  10:27  Colossus (Chrono Boost)  
  163  10:33  Protoss Ground Weapons Level 3  
  163  10:39  Zealot x6  
  163  10:40  Zealot x2, Nexus  
  177  10:56  Probe, Pylon  
  177  10:57  Probe x2  
  180  10:58  Pylon  
  180  11:02  Probe  
  179  11:13  Disruptor x2 (Chrono Boost)  
  179  11:17  Pylon  
  179  11:18  Probe x3  
  190  11:21  Pylon x2  
  190  11:22  Photon Cannon  
  190  11:23  Shield Battery  
  190  11:26  Gateway  
  190  11:30  Gateway x2  
  190  11:37  Disruptor x2 (Chrono Boost)  
  190  11:38  Zealot  
  200  11:40  Robotics Facility  
  200  11:41  Robotics Facility  
  200  11:45  Zealot x8  
  176  12:07  Disruptor x2  
  179  12:12  Zealot x9  
  189  12:26  Zealot x3  
  189  12:28  Colossus  
  199  12:43  Disruptor, Zealot x2  
  199  12:50  Disruptor  
  195  12:51  Zealot x2  
  195  12:55  Zealot x3  
  199  13:11  Zealot  
  199  13:12  Zealot  
  200  13:22  Photon Cannon x2  
  200  13:23  Gateway  
  200  13:29  Photon Cannon  
  200  13:30  Gateway, Dark Shrine  
  200  13:44  Gateway  
  200  13:54  Nexus  
  196  13:59  Disruptor  
  198  14:08  Pylon  
  198  14:12  Disruptor (Chrono Boost)  
  173  14:26  Disruptor x2 (Chrono Boost)  
  173  14:30  Zealot x12  
  195  14:32  Disruptor (Chrono Boost)  
  195  14:34  Protoss Ground Armor Level 1 (Chrono Boost)  
  195  14:40  Forge  
  195  14:43  Disruptor (Chrono Boost)  
  195  14:44  Photon Cannon  
  197  14:45  Shield Battery  
  197  14:51  Zealot x6  
  161  15:11  Zealot x15  
  161  15:13  Immortal x2 (Chrono Boost)  
  161  15:14  Immortal x2 (Chrono Boost)  
  173  15:32  Zealot x9  
  173  15:33  Zealot x6  
  163  16:00  Zealot x5  
  163  16:01  Zealot x10  
  171  16:19  Colossus x2 (Chrono Boost)  
  171  16:20  Colossus (Chrono Boost)  
  171  16:24  Stalker x4  
  171  16:25  Stalker x3  
  177  16:36  Zealot  
  177  16:37  Zealot x7  
  195  17:07  Stalker x2  
Show
View Real Time Build Order
Export as new Build Order

Cure Terran 

Build Orders: Reaper Expand 

Get SALT Encoding   

  12  0:00  SCV  
  13  0:12  SCV  
  14  0:17  Supply Depot  
  14  0:24  SCV  
  15  0:39  SCV  
  15  0:41  Barracks  
  16  0:44  Refinery  
  16  0:51  SCV  
  17  1:03  SCV  
  18  1:15  SCV  
  19  1:28  Orbital Command, Reaper  
  20  1:47  Command Center  
  20  1:54  SCV  
  20  1:56  Supply Depot  
  20  2:00  Marine  
  22  2:06  SCV  
  23  2:16  Factory  
  23  2:18  SCV  
  23  2:21  Barracks Reactor  
  24  2:30  SCV  
  25  2:42  SCV  
  26  2:50  Command Center  
  26  2:55  SCV  
  27  3:00  Hellion  
  27  3:02  Orbital Command  
  29  3:07  SCV  
  29  3:08  Marine  
  29  3:12  Marine  
  32  3:19  SCV  
  33  3:27  Marine, Cyclone  
  34  3:28  SCV  
  34  3:29  Marine  
  34  3:31  SCV  
  38  3:40  Barracks  
  38  3:41  SCV  
  38  3:43  SCV  
  38  3:45  Marine  
  38  3:47  Marine  
  42  3:53  SCV  
  42  3:55  SCV  
  44  4:02  Factory Tech Lab  
  44  4:03  Orbital Command  
  44  4:07  SCV x2  
  44  4:09  Barracks  
  45  4:12  Marine x2  
  46  4:21  SCV x2  
  48  4:31  Marine x2  
  48  4:32  SCV  
  48  4:33  SCV x2  
  48  4:34  Engineering Bay  
  48  4:37  Marine  
  48  4:38  Stimpack  
  54  4:39  Bunker  
  54  4:41  Refinery  
  54  4:45  SCV x2  
  55  4:46  SCV  
  55  4:49  Marine x2  
  56  4:55  Marine  
  56  4:57  SCV  
  56  4:58  SCV x2, Cyclone  
  56  5:04  Marine  
  56  5:06  Missile Turret  
  56  5:07  Marine x2  
  56  5:09  SCV  
  56  5:10  SCV x2  
  56  5:13  Marine  
  58  5:21  SCV  
  57  5:22  SCV x2  
  57  5:25  Barracks Tech Lab, Terran Infantry Weapons Level 1  
  59  5:33  Supply Depot x2, SCV  
  59  5:34  SCV  
  61  5:35  Refinery  
  61  5:36  Factory Reactor  
  61  5:38  Starport  
  61  5:43  SCV  
  61  5:45  SCV  
  61  5:46  Marine  
  61  5:48  SCV  
  61  5:49  Marine x2  
  61  5:55  SCV  
  60  5:57  SCV  
  60  6:00  SCV  
  60  6:03  Marine  
  63  6:04  Marine, Refinery  
  63  6:05  Combat Shield  
  63  6:06  Marine  
  63  6:07  Marine  
  63  6:08  SCV  
  63  6:09  Supply Depot, SCV  
  63  6:10  Barracks  
  68  6:12  Barracks  
  68  6:13  SCV  
  69  6:20  SCV  
  69  6:21  SCV  
  69  6:22  Medivac  
  69  6:23  Marine x2  
  69  6:24  Marine  
  69  6:25  SCV  
  77  6:28  Supply Depot  
  77  6:30  Marine, Medivac  
  77  6:31  Supply Depot  
  77  6:32  SCV  
  81  6:33  SCV  
  81  6:34  Factory Reactor  
  81  6:37  SCV  
  83  6:44  Marauder  
  83  6:45  Supply Depot  
  85  6:49  SCV x3, Marine x2  
  85  6:50  Marauder  
  85  6:52  Supply Depot  
  85  6:54  Supply Depot, Medivac  
  92  6:59  Barracks Tech Lab  
  92  7:00  Medivac  
  96  7:01  SCV x3  
  96  7:04  Barracks Reactor  
  96  7:07  Supply Depot x2  
  99  7:12  Marauder x2  
  99  7:13  SCV, Widow Mine  
  99  7:14  SCV  
  107  7:22  Widow Mine  
  109  7:29  Marine x2, Marauder  
  113  7:30  SCV  
  113  7:31  SCV x2  
  113  7:32  Command Center  
  113  7:33  Marauder  
  113  7:35  Missile Turret  
  118  7:39  Terran Infantry Armor Level 1  
  118  7:40  Concussive Shells  
  118  7:48  Marauder  
  118  7:49  Marine x4  
  118  7:50  Marauder  
  123  7:54  Marauder, Medivac  
  123  7:55  Widow Mine x2  
  123  7:57  SCV  
  123  7:58  SCV x2  
  132  8:05  Supply Depot  
  132  8:07  Supply Depot  
  132  8:09  SCV  
  132  8:10  SCV x2  
  135  8:12  Marine x2  
  135  8:13  Marine, Marauder x2  
  135  8:16  Marauder  
  136  8:22  Marine  
  136  8:24  Widow Mine x2, Medivac  
  136  8:25  SCV  
  136  8:26  SCV x2  
  140  8:28  Medivac  
  140  8:31  Armory  
  142  8:35  Marauder x2  
  142  8:37  Marauder  
  146  8:41  Marine x3  
  146  8:42  Marine  
  146  8:47  Engineering Bay  
  150  8:51  Missile Turret  
  150  8:52  Widow Mine x2  
  152  8:58  Marauder x2  
  152  8:59  Marine x4, Marauder  
  160  9:04  Orbital Command  
  160  9:05  SCV x3  
  158  9:22  Marine x4, Marauder x3  
  158  9:23  Medivac x2  
  172  9:27  Supply Depot  
  172  9:28  Supply Depot  
  171  9:34  Supply Depot, Terran Infantry Weapons Level 2  
  171  9:35  Widow Mine x2  
  169  9:39  Supply Depot  
  169  9:40  SCV, Marine x2  
  169  9:44  SCV, Marine x2  
  172  9:48  SCV, Marine  
  172  9:49  Marauder x2  
  177  9:56  Terran Infantry Armor Level 2  
  177  9:57  SCV x3  
  177  9:59  Marine x2  
  178  10:02  Marine  
  178  10:03  Marauder  
  178  10:06  SCV, Marine, Refinery  
  183  10:07  Refinery  
  183  10:09  SCV x2  
  183  10:10  Marauder x2  
  173  10:18  Marine x2  
  173  10:20  Marine  
  176  10:23  Widow Mine x2, Medivac x2  
  176  10:24  Marine, Marauder  
  185  10:30  Barracks  
  185  10:31  Barracks, Marauder x2  
  185  10:33  Barracks  
  189  10:41  Terran Ship Weapons Level 1  
  189  10:44  Ghost Academy  
  189  10:45  Marauder  
  189  10:48  Marine  
  189  10:49  Marine x2  
  188  10:50  Marine  
  188  10:55  Supply Depot  
  188  10:58  Marauder x2, Widow Mine x2  
  196  11:07  Viking  
  196  11:12  Marine  
  196  11:16  Marine x2  
  196  11:17  Viking  
  200  11:18  Command Center x2  
  200  11:25  Barracks Tech Lab  
  200  11:26  Barracks Reactor  
  200  11:27  Barracks Tech Lab, Missile Turret  
  200  11:29  Starport  
  200  11:33  Marine  
  199  11:44  Ghost x2  
  199  11:45  Ghost x2  
  199  11:46  Marine, Marauder  
  199  11:52  Refinery x2  
  199  11:53  SCV x3  
  199  11:54  SCV  
  195  12:00  Viking x2  
  189  12:15  Marine x4, Marauder x3  
  194  12:18  Widow Mine x2  
  191  12:25  Marine x2  
  191  12:26  Marauder x2  
  197  12:32  Marine x2  
  197  12:33  Marine  
  197  12:35  Terran Infantry Armor Level 3, Terran Ship Weapons Level 2, Terran Infantry Weapons Level 3  
  182  12:54  Marine x2, Marauder x3  
  182  12:55  Widow Mine x2  
  182  12:56  Viking x2  
  186  12:58  Starport Reactor  
  186  13:05  Marine x4  
  184  13:06  Marauder x2  
  184  13:08  Command Center  
  180  13:13  Marine x2  
  180  13:15  Marauder  
  180  13:16  Marauder  
  180  13:19  Planetary Fortress  
  186  13:21  Command Center  
  186  13:29  Marine x4, Ghost  
  186  13:30  Marauder x2  
  196  13:39  Marine x2  
  196  13:40  Marauder  
  198  13:54  Marine x2, Ghost  
  196  14:05  Planetary Fortress  
  196  14:13  Marine x4  
  196  14:14  Marauder x2  
  179  14:18  Ghost x2  
  179  14:19  Marine x2  
  179  14:20  Viking x2  
  179  14:23  Marauder  
  189  14:31  Marine x4  
  189  14:35  Marauder x2  
  189  14:36  Viking  
  189  14:37  Marine x2, Viking  
  195  14:42  Missile Turret  
  195  14:45  Marauder  
  197  14:47  Ghost  
  197  14:49  Marine x4  
  197  14:52  Marauder  
  195  14:54  Marine x2  
  195  14:56  Marauder x2  
  185  15:06  Marine x2, Marauder  
  185  15:07  Marine x2  
  169  15:12  Marine x2  
  169  15:13  Marauder  
  163  15:16  Marauder  
  163  15:17  Marine  
  163  15:18  Marauder  
  162  15:24  Marine x4  
  162  15:27  Marauder  
  154  15:30  Marine x2  
  154  15:34  Marine  
  151  15:36  Marauder  
  151  15:37  Marauder  
  151  15:39  Marine  
  151  15:42  Marine x4  
  135  15:48  Marine x2, Ghost, Medivac x4  
  149  15:50  Widow Mine x2  
  149  15:51  Ghost  
  141  15:57  Marauder x2  
  141  15:58  Marine  
  141  16:00  Marine x4  
  135  16:06  Marine  
  135  16:08  Marine  
  121  16:16  Ghost x2  
  121  16:18  Marine x4, Marauder, Medivac x3  
  130  16:21  Marauder  
  130  16:23  Marine  
  135  16:27  Marine  
  127  16:33  Widow Mine x2  
  127  16:36  Marine x2  
  127  16:37  Medivac  
  127  16:38  Marine x2  
  136  16:40  Marauder  
  136  16:41  Marine  
  136  16:42  Marauder  
  124  16:54  Marine x3, Marauder x2  
  124  16:56  Marine  
Tags
 
Add a new tag
Caveats
  • Supply blocks, unpowered buildings, or Contaminate may cause inaccurate times.
  • Supply counts are checked every 10 seconds.